cohdb
Replays
Latest Replays
All Replays
Popular Replays
Top Player Replays
Match Explorer
How It Works
Community
CoH3 Stats
Reddit
Sign in to upload your games and track your stats! →
Sign in with Steam
Match 41180557
Unlisted
Match 41180557
Overview
Messages
Build Orders
End
Royal Engineer Section
Royal Engineer Section
Construct Section Command Post
Infantry Section
Infantry Section
Selects Canadian Shock Battlegroup
Selects Attacking Spirit
Selects Canadian Shock Section
Infantry Section
Construct Platoon Command Post
Selects Incendiary Munitions
Infantry Training
Humber Armored Car
Selects Pyrotechnics
Null
ThreekidsinaTrenchcoat
0
0
Comments
sign in to comment!
No comments posted yet!